 Dungeon Crawl Stone Soup version 0.31-a0-740-g87205ac768 (webtiles) character file.

Game seed: 10209054830149367966

42 Newt the Shooter (level 3, -2/24 HPs)
             Began as a Kobold Hunter on Sept 12, 2023.
             Slain by a quokka (3 damage)
             ... on level 2 of the Dungeon.
             The game lasted 00:01:02 (1485 turns).

Newt the Shooter (Kobold Hunter)                    Turns: 1485, Time: 00:01:04

Health: -2/24      AC:  3    Str:  8    XL:     3   Next: 77%
Magic:  3/3        EV: 14    Int: 10    God:
Gold:   99         SH:  0    Dex: 20    Spells: 2/2 levels left

rFire   . . .        a - +0 shortbow
rCold   . . .        (shield currently unavailable)
rNeg    . . .        c - +0 leather armour
rPois   .            (no helmet)
rElec   .            (no cloak)
rCorr   .            (no gloves)
SInv    .            (no boots)
Will    .....        (no amulet)
Stlth   +++          (no ring)
HPRegen 0.24/turn    (no ring)
MPRegen 0.08/turn

%: no passive effects
@: no status effects
A: small, no large weapons, nightstalker 3
a: no special abilities


You were on level 2 of the Dungeon.
You visited 1 branch of the dungeon, and saw 4 of its levels.

You collected 99 gold pieces.

Inventory:

Hand Weapons
 a - a +0 shortbow (weapon)
Armour
 c - a +0 leather armour (worn)
Jewellery
 e - a ring of protection from fire
Scrolls
 b - a scroll of butterflies
 i - a scroll of teleportation
 j - 2 scrolls of identify
 k - a scroll of noise
Potions
 d - a potion of degeneration
 f - 2 potions of might
 g - a potion of brilliance
 h - a potion of curing


   Skills:
 + Level 4.2 Fighting
 - Level 5.3 Ranged Weapons
 - Level 2.4 Dodging
 - Level 1.3 Stealth


You had 2 spell levels left.
You didn't know any spells.
Your spell library contained the following spells:

 Spells                   Type           Power      Damage    Failure   Level
 Lesser Beckoning         Tloc           0%         N/A       63%         2
 Gell's Gravitas          Tloc           0%         N/A       86%         3
 Teleport Other           Tloc           0%         N/A       86%         3


Dungeon Overview and Level Annotations

Branches:
Dungeon (4/15)
 Temple: D:4-7

Altars:

Shops:
D:3 (:

Annotations:
D:2 Natasha


Innate Abilities, Weirdness & Mutations

You are small and have problems with some larger weapons.
You are completely attuned to the shadows.


Message History

A quokka comes into view.
Natasha barely misses you.
You shoot an arrow.
The arrow hits Natasha but does no damage.
The quokka barely misses you. x2; Natasha claws you but does no damage.
You shoot an arrow. The arrow misses Natasha.
The quokka misses you. Natasha closely misses you.
You shoot an arrow. The arrow hits Natasha!
Natasha is severely wounded.
The quokka closely misses you. Natasha casts a spell at you.
The magic dart hits you! The quokka closely misses you.
You are too injured to fight recklessly!
You are too injured to fight recklessly!
Unknown command.
You shoot an arrow. The arrow closely misses Natasha.
Natasha barely misses you. The quokka closely misses you.
Unknown command.
You shoot an arrow. The arrow closely misses Natasha.
The quokka barely misses you. Natasha claws you!
* * * LOW HITPOINT WARNING * * *
The quokka misses you. Natasha barely misses you.
Unknown command.
You shoot an arrow. The arrow hits Natasha.
Natasha is almost dead.
The quokka bites you.
* * * LOW HITPOINT WARNING * * *
Natasha casts a spell.
Unknown command.
Unknown command.
You feel better. The quokka closely misses you. Natasha claws you.
* * * LOW HITPOINT WARNING * * *
The cerulean imp closely misses you.
You shoot an arrow.
The arrow hits Natasha but does no damage.
Natasha is almost dead.
The quokka barely misses you. Natasha claws you.
* * * LOW HITPOINT WARNING * * *
The quokka bites you.
You die...

###### .......#
.......######
.....5.##...#########
.....................
...h@.............###
##>r#####.........#
.... #..........#
.#.# #..........# #.
............#
###.........#
#.........#
.########## ########


You could see Natasha, a cerulean imp (summoned) and a quokka.

Vanquished Creatures
  Jessica (D:2)
  2 endoplasms (D:2)
  A giant cockroach (D:2)
  2 goblins
  A hobgoblin (D:2)
  A kobold (D:2)
  A quokka (D:2)
  2 bats
  3 frilled lizards
  2 rats
16 creatures vanquished.

Notes
Turn   | Place    | Note
-------+----------+-------------------------------------------
     0 | D:1      | Newt the Kobold Hunter began the quest for the Orb.
     0 | D:1      | Reached XP level 1. HP: 12/12 MP: 1/1
   250 | D:1      | Found a faded altar of an unknown god.
  1152 | D:2      | You fall into a shaft and drop 2 floors!
  1207 | D:4      | Noticed an orc wizard
  1232 | D:3      | Found Loulecame's Antique Weapon Shoppe.
  1237 | D:3      | Found Adwoq's Book Shop.
  1251 | D:2      | Reached XP level 2. HP: 16/18 MP: 2/2
  1313 | D:2      | Noticed Jessica
  1319 | D:2      | Killed Jessica
  1320 | D:2      | Reached XP level 3. HP: 19/24 MP: 3/3
  1475 | D:2      | Noticed Natasha
  1485 | D:2      | HP: 1/24 [Natasha (6)]
  1485 | D:2      | Slain by a quokka

Illustrated notes

Levels and vault maps discovered:
D:1:      dpeg_arrival_connections, layout_loops_corners, basic_ecumenical_altar
D:2:      layout_basic, uniq_natasha, uniq_jessica
D:3:      layout_rooms, serial_shops, shop, shop, shop,
          nicolae_shop_pleasant_corner_grove, dreamdust_princess_corridor
D:4:      cheibrodos_fertilizer, layout_loops_ring, trog_wizard,
          nicolae_tso_swordbearing_angel, nicolae_overflow_hidden_temple,
          serial_shops, shop

Skill      XL: |  1  2 |
---------------+-------+-----
Fighting       | 4 |  4.2
Ranged Weapons | |  5.3
Dodging        | |  2.4
Stealth        | |  1.3

Action                     || total
---------------------------++-------
   Fire: Shortbow          ||    55
    Use: Scroll            ||     5
         Potion            ||     2
 Armour: Leather armour    ||    22
  Dodge: Dodged            ||    30

Table legend: (Time is in decaauts)
 A = Elapsed time spent in this place.
 B = Non-inter-level travel time spent in this place.
 C = Inter-level travel time spent in this place.
 D = Time resting spent in this place.
 E = Time spent auto-exploring this place.
 F = Levels seen in this place.
 G = Mean time per level.
                   A        B        C        D        E       F      G
               +--------+--------+--------+--------+--------+-----+--------+
         Total |   1494 |   1481 |     13 |    143 |   1215 |   4 |  373.5 |
       Dungeon |   1494 |   1481 |     13 |    143 |   1215 |   4 |  373.5 |
               +--------+--------+--------+--------+--------+-----+--------+

Top non-repeatable levels by time:
     D:1: 983 daAuts
     D:2: 419 daAuts
     D:4: 60 daAuts
     D:3: 30 daAuts
